 Dungeon Crawl Stone Soup version 0.30-a0-696-g2367cd04db (webtiles) character file.

Game seed: 8633037900983545714

20895 ASSMAN the Basher (level 12, -4/118 HPs)
             Began as a Gargoyle Fighter on Jan 20, 2023.
             Was a High Priest of Zin.
             Slain by Rupert
             ... wielding a +0 executioner's axe of flaming
              (6 damage)
             ... on level 3 of the Lair of Beasts.
             The game lasted 00:31:57 (13355 turns).

ASSMAN the Basher (Gargoyle Fighter)               Turns: 13355, Time: 00:31:58

Health: -4/118     AC: 26    Str: 24    XL:     12   Next: 84%
Magic:  0/16       EV: 12    Int: 10    God:    Zin [*****.]
Gold:   476        SH:  6    Dex:  9    Spells: 11/11 levels left

rFire   . . .      SeeInvis .    y - +1 morningstar (flame)
rCold   + . .      Faith    .    c - +0 buckler
rNeg    + . .      Spirit   +    I - +3 leather armour {rC+}
rPois   ∞          Reflect  .    u - +0 helmet
rElec   +          Harm     .    w - +0 cloak
rCorr   .          Rampage  .    i - +0 pair of gloves
Will    +....                    F - +1 pair of boots Stlth
                                 h - amulet of guardian spirit
HPRegen 0.39/turn                l - ring of willpower
MPRegen 0.15/turn                q - +4 ring of protection

@: berserking (expiring), very quick
A: sickness immunity, AC +8, negative energy resistance 1, electricity
resistance, torment resistance 1, petrification resistance
a: Renounce Religion, Recite, Vitalisation, Imprison, Sanctuary, Donate Gold


You were on level 3 of the Lair of Beasts.
You worshipped Zin.
Zin was extremely pleased with you.
You visited 3 branches of the dungeon, and saw 15 of its levels.

You collected 795 gold pieces.
You spent 254 gold pieces at shops.
You donated 65 gold pieces to Zin.

Inventory:

Hand Weapons
 b - the +1 hand axe of the Extremes {flame, rPois rC++ Str+3 Int+3}
   (You found it on level 10 of the Dungeon)

   Str:       It affects your strength (+3).
   Int:       It affects your intelligence (+3).
   rC:        It greatly protects you from cold.
   rPois:     It protects you from poison.
 j - a +2 sling of flaming
 y - a +1 morningstar of flaming (weapon)
 z - a +1 demon whip of freezing
 E - the +3 whip of the Maze {protect, rC++}
   (You found it on level 7 of the Dungeon)

   rC:        It greatly protects you from cold.
Missiles
 O - 4 silver javelins
Armour
 c - a +0 buckler (worn)
 d - a +0 robe of the Archmagi
 i - a +0 pair of gloves (worn)
 u - a +0 helmet (worn)
 w - a +0 cloak (worn)
 F - a +1 pair of boots (worn)
 I - a +3 leather armour of cold resistance (worn)
Magical Staves
 g - a staff of earth
 G - a staff of fire
Jewellery
 e - a ring of flight
 f - a ring of fire
 h - an amulet of guardian spirit (around neck)
 l - a ring of willpower (left hand)
 q - a +4 ring of protection (right hand)
 s - a ring of wizardry
 t - a ring of willpower
 A - a +6 ring of intelligence
 P - a ring of willpower
Wands
 M - a wand of flame (8) (quivered)
 Q - a wand of light (1)
 R - a wand of iceblast (15)
Scrolls
 a - 6 scrolls of fog
 n - 3 scrolls of fear
 p - 4 scrolls of magic mapping
 H - 5 scrolls of enchant armour
 J - 2 scrolls of blinking
 N - 5 scrolls of teleportation
 S - a scroll of poison
 V - 2 scrolls of enchant weapon
Potions
 k - 2 potions of might
 m - 3 potions of lignification
 o - 2 potions of brilliance
 r - 2 potions of flight
 x - 2 potions of cancellation
 B - 5 potions of curing
 K - 5 potions of heal wounds
 L - 2 potions of ambrosia
 T - a potion of invisibility
 U - a potion of haste
 W - a potion of resistance


   Skills:
 * Level 10.9 Fighting
 - Level 12.0 Maces & Flails
 - Level 1.9 Ranged Weapons
 * Level 9.8 Armour
 + Level 4.7 Dodging
 - Level 2.0 Stealth
 * Level 9.8 Shields
 + Level 6.3 Invocations


You had 11 spell levels left.
You didn't know any spells.
Your spell library contained the following spells:

 Spells                   Type           Power      Damage    Failure   Level
 Blink                    Tloc           0%         N/A       61%         2
 Lesser Beckoning         Tloc           0%         N/A       61%         2
 Gell's Gravitas          Tloc           0%         N/A       83%         3
 Teleport Other           Tloc           0%         N/A       83%         3
 Animate Armour           Summ/Erth      0%         N/A       99%         4
 Manifold Assault         Tloc           0%         N/A       99%         4
 Blade Hands              Tmut           0%         N/A       100%        5
 Iron Shot                Conj/Erth      0%         9d1       100%        6
 Storm Form               Tmut/Air       0%         N/A       100%        7


Dungeon Overview and Level Annotations

Branches:
Dungeon (11/15)            Temple (1/1) D:7            Lair (3/5) D:11
  Swamp (0/4) Lair:3       Spider (0/4) Lair:2
    Orc: D:9-12

Altars:
Ashenzari
Dithmenos
Elyvilon
Fedhas
Gozag
Hepliaklqana
Kikubaaqudgha
Makhleb
Nemelex Xobeh
Okawaru
Qazlal
Ru
Sif Muna
Trog
Uskayaw
Vehumet
Wu Jian
Xom
Yredelemnul
Zin
The Shining One

Shops:
D:4 *

Annotations:
Lair:3 Rupert


Innate Abilities, Weirdness & Mutations

You are immune to sickness and miasma.
Your stone body is resilient. (AC +8)
You are immune to poison.
You resist negative energy. (rN+)
You are resistant to electric shocks. (rElec)
You are resistant to unholy torment.
You are immune to petrification.


Message History

Rupert burns you.
You impale Rupert!! You burn Rupert!
Rupert is moderately wounded.
Rupert barely misses you.
You barely miss Rupert.
Rupert is moderately wounded.
Rupert roars madly and goes into a rage!
Rupert goes berserk!
Rupert barely misses you. Rupert barely misses you.
A red film seems to cover your vision as you go berserk!
You feel yourself moving faster!
You feel mighty!
Rupert hits you with a +0 executioner's axe of flaming!!
Rupert burns you!
You puncture Rupert! You burn Rupert.
Rupert is moderately wounded.
Rupert hits you but does no damage.
You hit Rupert but do no damage.
Rupert is moderately wounded.
Rupert hits you with a +0 executioner's axe of flaming!!
Rupert burns you.
You bludgeon Rupert!! You burn Rupert.
Rupert is heavily wounded.
Rupert closely misses you.
Rupert rages.
You bludgeon Rupert!! You burn Rupert.
Rupert is severely wounded.
Rupert hits you with a +0 executioner's axe of flaming!
* * * LOW HITPOINT WARNING * * *
Rupert burns you.
* * * LOW HITPOINT WARNING * * *
You closely miss Rupert.
Rupert is severely wounded.
Rupert misses you.
You barely miss Rupert.
Rupert is heavily wounded.
Rupert hits you with a +0 executioner's axe of flaming!!
* * * LOW HITPOINT WARNING * * *
Rupert burns you.
You die...

#..#.#.###...........#
.#
#..#..............P.####
#.............#...#.##.#
#..#..†..........##.#.#.
#.P#....................
#...............###...##
##P#.......##.#.##..#.#
# #........P...#.P.#..#
#.##@...............#
####@#..P##.P.#......
######D............#..#
#......###.##....####.#
#....#.########### .#
#..#.....# # ##........#
#./#.P..### ##...P..#


You could see Rupert (berserk) and a seven-headed hydra.

Vanquished Creatures
  3 two-headed ogres
  Urug (D:10)
  Nergalle (D:10)
  Pikel (D:4)
  A manticore (D:11)
  3 black mambas
  5 elephants (Lair:3)
  2 cane toads (Lair:1)
  A torpor snail (Lair:1)
  Psyche (D:10)
  7 komodo dragons
  A rime drake (Lair:2)
  3 trolls
  A hornet (D:11)
  6 dream sheep (Lair:3)
  A shadow (D:10)
  2 wyverns
  16 yaks
  3 basilisks
  2 redbacks (Lair:1)
  A steam dragon (D:7)
  An acid dragon (D:9)
  Edmund (D:6)
  5 water moccasins
  A sky beast (D:6)
  2 ice beasts
  5 black bears
  3 orc warriors
  6 wolves (Lair:1)
  A centaur (D:7)
  A phantom (D:4)
  3 kobold brigands
  2 necrophages
  A scorpion (D:4)
  11 bullfrogs
  3 gnoll sergeants
  27 wights
  5 howler monkeys
  4 electric eels (Lair:3)
  A jelly (D:5)
  4 orc priests
  2 hounds (D:6)
  2 iguanas
  Terence (D:3)
  6 orc wizards
  Robin (D:3)
  9 gnolls
  2 adders
  3 shadow imps
  4 white imps
  An ufetubus (D:4)
  6 worms
  5 dart slugs
  25 orcs
  5 bats
  5 endoplasms
  25 goblins
  8 hobgoblins
  11 jackals
  2 quokkas
  9 ball pythons
  5 frilled lizards
  14 kobolds
  4 rats
304 creatures vanquished.

Vanquished Creatures (others)
  A kobold (D:10)
  9 fungi
  13 plants
23 creatures vanquished.

Grand Total: 327 creatures vanquished

Notes
Turn   | Place    | Note
-------+----------+-------------------------------------------
     0 | D:1      | ASSMAN the Gargoyle Fighter began the quest for the Orb.
     0 | D:1      | Reached XP level 1. HP: 14/14 MP: 1/1
   234 | D:1      | Found a faded altar of an unknown god.
   238 | D:1      | Reached XP level 2. HP: 19/20 MP: 2/2
   432 | D:1      | Reached XP level 3. HP: 14/24 MP: 3/3
   973 | D:2      | Found an ancient bone altar of Kikubaaqudgha.
  1072 | D:2      | Reached skill level 5 in Fighting
  1140 | D:2      | Reached XP level 4. HP: 31/31 MP: 4/4
  1158 | D:2      | Reached skill level 1 in Ranged Weapons
  1900 | D:3      | Reached XP level 5. HP: 35/35 MP: 5/5
  1966 | D:3      | Noticed Terence
  1972 | D:3      | Killed Terence
  2087 | D:3      | Noticed Robin
  2101 | D:3      | Killed Robin
  2581 | D:4      | Noticed a kobold brigand
  2589 | D:4      | Killed a kobold brigand
  2590 | D:4      | Reached skill level 3 in Maces & Flails
  2590 | D:4      | Reached XP level 6. HP: 38/41 MP: 6/6
  2683 | D:4      | Reached skill level 4 in Maces & Flails
  2697 | D:4      | Reached skill level 5 in Maces & Flails
  2845 | D:4      | Reached XP level 7. HP: 45/45 MP: 7/7
  2886 | D:4      | Found Kipol's Assorted Antiques.
  2907 | D:4      | Bought a scroll labelled TOSCHI VAEH for 25 gold pieces
  2907 | D:4      | Bought a scroll labelled ANKEAZ YNGEARIRGHO for 25 gold
                  | pieces
  2907 | D:4      | Bought an embroidered robe for 92 gold pieces
  2983 | D:4      | Noticed Pikel
  2996 | D:4      | Killed Pikel
  2997 | D:4      | Reached skill level 7 in Maces & Flails
  2997 | D:4      | Reached XP level 8. HP: 30/51 MP: 4/8
  3184 | D:4      | Reached skill level 8 in Maces & Flails
  3311 | D:5      | Entered Level 5 of the Dungeon
  3529 | D:5      | Reached skill level 9 in Maces & Flails
  3743 | D:5      | Found a white marble altar of Elyvilon.
  4095 | D:6      | Reached skill level 10 in Maces & Flails
  4102 | D:6      | Reached XP level 9. HP: 38/55 MP: 5/9
  4158 | D:6      | Noticed Edmund
  4170 | D:6      | Killed Edmund
  4509 | D:7      | Reached skill level 11 in Maces & Flails
  4660 | D:7      | Found a staircase to the Ecumenical Temple.
  4693 | D:7      | Identified the +3 whip of the Maze {protect, rC++}
  4711 | Temple   | Entered the Ecumenical Temple
  4844 | Temple   | Became a worshipper of Zin the Law-Giver
  4844 | Temple   | Reached * piety under Zin
  5000 | D:7      | Reached skill level 12 in Maces & Flails
  5041 | D:7      | Found a radiant altar of Vehumet.
  5362 | D:7      | Reached skill level 1 in Invocations
  5714 | D:8      | Reached skill level 1 in Dodging
  5800 | D:8      | Reached XP level 10. HP: 61/61 MP: 11/11
  5914 | D:8      | Found a shimmering blue altar of Sif Muna.
  5968 | D:8      | Reached ** piety under Zin
  6478 | D:9      | Reached skill level 5 in Armour
  6481 | D:9      | Reached skill level 5 in Shields
  6673 | D:9      | Reached *** piety under Zin
  6743 | D:9      | Found a sacrificial altar of Ru.
  6747 | D:9      | Found a basalt altar of Yredelemnul.
  6752 | D:9      | Found a shadowy altar of Dithmenos.
  7041 | D:9      | Noticed a two-headed ogre
  7370 | D:9      | Killed a two-headed ogre
  7423 | D:10     | Entered Level 10 of the Dungeon
  7557 | D:10     | Noticed Nergalle
  7557 | D:10     | Noticed Psyche
  7564 | D:10     | Killed Psyche
  7575 | D:10     | Noticed Urug
  7577 | D:10     | Killed Nergalle
  7794 | D:10     | Killed Urug
  7795 | D:10     | Reached XP level 11. HP: 32/68 MP: 6/13
  7980 | D:10     | Noticed a two-headed ogre
  8058 | D:10     | Killed a two-headed ogre
  8317 | D:10     | Identified the +1 hand axe of the Extremes {flame, rPois
                  | rC++ Str+3 Int+3}
  8704 | D:11     | Noticed a manticore
  8757 | D:11     | Killed a manticore
  8859 | D:11     | Found a staircase to the Lair.
  9053 | D:11     | Noticed a two-headed ogre
  9084 | D:11     | Killed a two-headed ogre
  9258 | D:11     | Reached **** piety under Zin
  9573 | D:4      | Bought a cloak for 112 gold pieces
  9709 | Lair:1   | Entered Level 1 of the Lair of Beasts
  9904 | Lair:1   | Reached skill level 1 in Stealth
 10071 | Lair:1   | Reached skill level 5 in Invocations
 10495 | Lair:1   | Reached XP level 12. HP: 33/77 MP: 6/15
 11140 | Lair:1   | Reached skill level 10 in Fighting
 11998 | Lair:2   | Found a hole to the Spider Nest.
 12729 | D:9      | Reached ***** piety under Zin
 13213 | Lair:3   | Found a staircase to the Swamp.
 13338 | Lair:3   | Noticed Rupert
 13340 | Lair:3   | Noticed a seven-headed hydra
 13355 | Lair:3   | HP: 2/118 [Rupert/+0 executioner's axe of flaming (24)]
 13355 | Lair:3   | Slain by Rupert

Illustrated notes

Levels and vault maps discovered:
D:1:      saegor_arrival_simple_c, layout_rooms,
          shapermc_ecumenical_altar_acropolis, roderic_serpentine_path,
          nrook_mini_backslash
D:2:      cheibrodos_greedy_goblins, layout_loops_cross, basic_altar,
          minmay_heptomino_w4
D:3:      layout_basic, kennysheep_small_spiral, uniq_robin, uniq_terence
D:4:      layout_basic, serial_shops, nicolae_shop_stone, uniq_pikel
D:5:      layout_basic, mainiacjoe_overflow_brackets
D:6:      layout_basic, hex_medium, small_statue_intersection, uniq_edmund
D:7:      layout_basic, old_standard_altar, minmay_temple_entry_arrows,
          serial_glass, glass_columns_a, glass_columns_a
D:8:      layout_basic, tgw_sif, dk_noncrumbling_3
D:9:      layout_small_grid, grunt_temple_overflow_diamond
D:10:     layout_gridville, uniq_psyche, uniq_nergalle, uniq_urug
D:11:     layout_roguey, grunt_lair_entry_orc_guard_hut, serial_rivers,
          chequers_serial_rivers_micro_c, chequers_serial_rivers_room_b,
          chequers_serial_rivers_micro_d, chequers_serial_rivers_micro_c,
          chequers_serial_rivers_small_a, chequers_serial_rivers_micro_b
Temple:   eino_temple_scatter_basement
Lair:1:   layout_regular_city
Lair:2:   layout_regular_city, spider_nest_entry_webs
Lair:3:   layout_loops_ring, minmay_swamp_entry_eels, uniq_rupert

Skill      XL: |  1  2  3  4  5  6  7  8  9 10 11 12 |
---------------+-------------------------------------+-----
Fighting       | 4 5 6 8 9 10 | 10.9
Ranged Weapons | 1 |  1.9
Maces & Flails | 3 5 7 10 12 | 12.0
Invocations    | 1 3 5 6 |  6.3
Armour         | 4 6 8 9 |  9.8
Dodging        | 1 2 3 4 |  4.7
Shields        | 4 6 8 9 |  9.8
Stealth        | 2 |  2.0

Action                   |  1- 3 |  4- 6 |  7- 9 | 10-12 || total
-------------------------+-------+-------+-------+-------++-------
Melee: Flail             |   123 |    65 |       |       ||   188
       Demon whip        |       |    83 |   161 |       ||   244
       Whip              |       |       |   151 |   940 ||  1091
       Morningstar       |       |       |       |   104 ||   104
 Fire: Sling             |    16 |    74 |       |       ||    90
Invok: Recite            |       |       |     3 |     5 ||     8
Evoke: Wand              |       |       |       |    16 ||    16
  Use: Scroll            |       |     9 |     2 |    16 ||    27
       Potion            |       |       |     2 |     4 ||     6
 Stab: Confused          |       |       |       |     2 ||     2
Armor: Scale mail        |    71 |   162 |     2 |       ||   235
       Robe              |       |       |    30 |       ||    30
       Leather armour    |       |       |    81 |   463 ||   544
Dodge: Dodged            |    58 |   119 |   101 |   445 ||   723
Block: Buckler           |    26 |    54 |    40 |   205 ||   325

Table legend: (Time is in decaauts)
 A = Elapsed time spent in this place.
 B = Non-inter-level travel time spent in this place.
 C = Inter-level travel time spent in this place.
 D = Time resting spent in this place.
 E = Time spent auto-exploring this place.
 F = Levels seen in this place.
 G = Mean time per level.
                   A        B        C        D        E       F      G
               +--------+--------+--------+--------+--------+-----+--------+
         Total |  12924 |  12060 |    864 |   1310 |   8197 |  15 |  861.6 |
       Dungeon |   9520 |   8769 |    751 |    655 |   6153 |  11 |  865.5 |
        Temple |    142 |    132 |     10 |      0 |    116 |   1 |  142.0 |
          Lair |   3261 |   3158 |    103 |    655 |   1927 |   3 | 1087.0 |
               +--------+--------+--------+--------+--------+-----+--------+

Top non-repeatable levels by time:
  Lair:1: 1859 daAuts
     D:8: 1153 daAuts
    D:10: 1032 daAuts
     D:1: 1012 daAuts
     D:9: 1011 daAuts
     D:3: 848 daAuts
    D:11: 838 daAuts
  Lair:2: 820 daAuts
     D:4: 799 daAuts
     D:2: 769 daAuts
     D:7: 746 daAuts
     D:5: 704 daAuts
     D:6: 603 daAuts
  Lair:3: 582 daAuts
  Temple: 142 daAuts
